woodfighter, chaotic female orcish Cavewoman ----- --------- |)..--- ------.......-- ------- |.....---|.........--..| |.....| --..|....|)---------|..| |.(@..| ---|......... ---- |.G@..| ----.|....---- ----- ---|--- ---..|..----...-- |.| |..|....|.....---- |.| -........)......---G- ......---. ......... --%...| ..... |(..-- |.. .. | .. .. woodfighter the Young Cave Woman Experience level: 6 Strength: 18/04 Dexterity: 15 Constitution: 16 Intelligence: 7 Wisdom: 7 Charisma: 8 Health: 0(45) Energy: 16(16) Def: 2 Gold: 213 Moves: 1926 Dungeon seed: IEU7wbvLe_i2DkNS Game ID: woodfighter_1475229977 Your Inventory: Coins $ - 213 gold pieces Amulets F - a cursed amulet of restful sleep Weapons a - a +1 club (weapon in hand) b - a +2 sling (alternate weapon; not wielded) s - 49 +0 arrows u - a +0 bow Armor e - an uncursed +0 dwarvish cloak n - an uncursed +0 dwarvish cloak q - an uncursed +0 leather armor (being worn) r - an uncursed +0 pair of iron shoes t - a cursed -3 pair of iron shoes v - an uncursed +0 dwarvish cloak w - an uncursed +0 dwarvish iron helm y - a blessed +1 dwarvish cloak z - an uncursed +0 dwarvish cloak C - an uncursed +0 dwarvish cloak K - an uncursed +0 pair of iron shoes L - an uncursed +0 pair of iron shoes N - an uncursed +0 dwarvish cloak Y - a blessed +0 dwarvish cloak Comestibles c - 4 uncursed food rations h - an uncursed lichen corpse m - an uncursed pancake Scrolls g - an uncursed scroll of scare monster i - an uncursed scroll of enchant weapon B - an uncursed scroll of enchant armor G - an uncursed scroll of teleportation Spellbooks d - an uncursed spellbook of sleep x - an uncursed spellbook of blank paper Potions l - 2 uncursed potions of healing D - an uncursed potion of blindness H - an uncursed potion of booze Wands f - a wand of enlightenment (0:11) Tools j - an uncursed magic whistle k - a +0 pick-axe o - a can of grease (0:11) p - 7 uncursed tallow candles (0:200) A - an uncursed wax candle (0:400) Spells and supernatural/magical abilities: Name Level Category Fail Memory W - pray for help -- divine ? -- Your skills at the end: Miscellaneous Skills bare handed combat [Basic] Weapon Skills scimitar [Basic] club [Skilled] sling [Basic] Spellcasting Skills Final Attributes: You were piously aligned. You were poison resistant. You had infravision. You are dead. Vanquished creatures: a gnome king a shrieker 3 gnome lords 2 gnomish wizards a golden naga hatchling a guardian naga hatchling an elf zombie 8 dwarves 3 rabid rats a jitterbug 2 giant bats a coyote 3 hobbits 26 gnomes 2 gnome zombies 2 jackals 2 kobolds 5 newts 2 grid bugs 2 bats a lichen 70 creatures vanquished. Voluntary challenges: You did not adorn yourself with jewelry or accessories. You did not cause conflict. You were not invisible. You did not have reflection. You were not displaced. You used a wielded weapon 96 times, starting on turn 220. You did not use containers. You did not apply a unicorn horn. You did not use plumbed fixtures. You did not drink any magical draughts. You were illiterate. You never genocided any monsters. You never polymorphed an object. You never changed form. You used no wishes. You never split a pudding. You never wrote Elbereth's name. You never violated your personal moral code. Dungeon overview: The Dungeons of Doom: levels 1 to 3 Level 1 a long staircase Level 2 (vault) some fountains, a sink stairs to The Gnomish Mines Level 3 The Gnomish Mines: levels 3 to 6 Level 3 stairs to The Dungeons of Doom Level 4 Level 5 Level 6 <- You were here a temple to Ishtar, a magic chest History has recorded: On T:1 you entered the Dungeons of Doom to retrieve the Amulet of Yendor! On T:207 you reached level 2 of The Dungeons of Doom. On T:272 you reached level 1 of The Gnomish Mines. On T:362 you reached level 3 of The Dungeons of Doom. On T:619 you advanced to experience level 2. On T:679 you advanced to experience level 3. On T:709 you advanced to experience level 4. On T:720 you reached level 2 of The Gnomish Mines. On T:824 you advanced to experience level 5. On T:1120 you reached level 3 of The Gnomish Mines. On T:1472 you advanced to experience level 6. On T:1508 you reached level 4 of The Gnomish Mines. On T:1602 you prayed to Anshar. On T:1924 you entered the Minetown temple Score breakdown: Gold: 213 ( 21 points) Experience: 6 levels ( 500 points) Exploration: 6 levels ( 150 points) Discoveries: 17 items ( 850 points) Variety of kills: 21 monsters ( 1050 points) Major goal: reached Minetown ( 500 points) Survival: died (score multiplied by 3) Total score: 9213 Latest messages: You have a little trouble lifting K - a pair of hard shoes. There are a few objects here. You have a little trouble lifting L - a pair of hard shoes. There are a few objects here. The giant bat bites! (3x) You hit the giant bat! The giant bat bites! (2x) You kill the giant bat! You stop exploring. The gnome wields a crossbow! The gnome swings his crossbow at the cavewoman. The gnome hits! The gnome punches you! You kill the gnome! There are a few objects here. You stop exploring. The door opens. The priestess of Ishtar intones: "Pilgrim, you enter a sacred place!" You have a strange forbidding feeling... The gnome lord wields a dagger! You hit the gnome lord! The gnome lord thrusts one of his daggers at the cavewoman. The gnome lord stabs you! You die... Final status: Goodbye woodfighter the Cavewoman, killed by a gnome lord... You died in The Gnomish Mines on dungeon level 6 with 9213 points, and 213 pieces of gold, after 1926 moves. You were level 6 with a maximum of 45 hit points when you died.